Map: Odyssey LE

Players

JJAKJI - Winner!

  • Race: Terran Terran
  • Spawn Location: 11:00

PtitDrogo

  • Race: Protoss Protoss
  • League: Master
  • Spawn Location: 5:00

Event: HomeStory Cup XVI

VOD

Have the link to the VOD?

Description

Time

  • Played on: Nov. 9, 2017, 12:27 p.m.
  • Length: 7:02

All games in this series

Show
View Real Time Build Order
Export as new Build Order

JJAKJI Terran - Winner!

Build Orders: Cyclone Opening 

Get SALT Encoding   

  12  0:00  SCV  
  13  0:12  SCV  
  14  0:18  Supply Depot  
  14  0:25  SCV  
  15  0:41  Barracks, SCV  
  16  0:46  Refinery  
  16  0:53  SCV  
  16  0:56  Refinery  
  17  1:06  SCV  
  18  1:18  SCV  
  19  1:29  Reaper  
  19  1:30  Orbital Command  
  20  1:43  Supply Depot  
  20  1:46  Factory  
  20  1:56  SCV  
  20  2:01  Reaper  
  22  2:08  SCV  
  23  2:20  SCV  
  24  2:32  SCV, Cyclone  
  24  2:33  Marine  
  29  2:40  Supply Depot, Starport  
  29  2:44  SCV  
  29  2:50  Marine  
  31  3:00  Liberator  
  31  3:01  SCV  
  31  3:04  Cyclone  
  35  3:07  Supply Depot  
  35  3:13  SCV  
  39  3:29  SCV  
  40  3:38  Command Center  
  40  3:41  SCV  
  40  3:55  SCV  
  39  4:06  Viking  
  39  4:09  SCV  
  42  4:10  Barracks  
  42  4:11  Supply Depot, Barracks  
  42  4:21  SCV  
  42  4:33  SCV  
  43  4:41  Starport Tech Lab  
  43  4:45  SCV  
  44  4:51  Orbital Command, Engineering Bay  
  44  4:54  Bunker  
  44  4:57  SCV  
  45  5:00  Barracks Reactor  
  45  5:04  Barracks Tech Lab  
  45  5:08  Starport Reactor  
  45  5:09  SCV  
  45  5:13  Marauder  
  48  5:17  Missile Turret, SCV  
  49  5:21  SCV  
  49  5:23  Factory Tech Lab  
  50  5:30  SCV  
  50  5:31  Marine  
  50  5:33  Marine  
  50  5:34  Refinery, SCV  
  54  5:36  Marine x2  
  54  5:42  SCV  
  57  5:46  SCV  
  57  5:47  Siege Tank  
  57  5:49  Marine  
  59  5:51  Marine  
  59  5:54  Marine x2  
  59  5:55  Supply Depot, SCV  
  63  5:58  SCV  
  63  6:07  Marauder  
  63  6:10  Marauder  
  66  6:12  Marine x2  
  66  6:14  Medivac  
  66  6:16  Medivac  
  72  6:19  Siege Tank  
  70  6:29  Marauder  
  70  6:30  Marine x2  
  70  6:31  Marauder  
  73  6:37  SCV  
  73  6:39  SCV  
  75  6:45  Supply Depot  
  78  6:57  Refinery  
Show
View Real Time Build Order
Export as new Build Order

PtitDrogo Protoss 

Build Orders: 1 Gate Expand, Oracle Opening 

Get SALT Encoding   

  12  0:02  Probe (Chrono Boost)  
  14  0:14  Probe (Chrono Boost)  
  14  0:18  Pylon  
  14  0:26  Probe (Chrono Boost)  
  15  0:32  Assimilator  
  15  0:36  Probe (Chrono Boost)  
  15  0:42  Gateway, Probe (Chrono Boost)  
  17  0:53  Probe (Chrono Boost)  
  19  1:05  Probe (Chrono Boost)  
  19  1:19  Nexus  
  19  1:24  Probe (Chrono Boost)  
  20  1:31  Cybernetics Core  
  20  1:36  Probe (Chrono Boost)  
  21  1:40  Assimilator  
  21  1:43  Zealot  
  21  1:48  Pylon  
  23  2:08  Probe (Chrono Boost)  
  24  2:12  Adept  
  25  2:20  Probe (Chrono Boost)  
  23  2:32  Probe (Chrono Boost)  
  23  2:44  Probe x2 (Chrono Boost)  
  25  2:49  Stargate  
  25  2:51  Probe (Chrono Boost)  
  25  2:53  Warp Gate  
  25  2:56  Probe (Chrono Boost)  
  25  2:57  Stalker  
  27  3:01  Probe (Chrono Boost)  
  28  3:08  Probe (Chrono Boost)  
  31  3:17  Stalker  
  31  3:24  Oracle  
  31  3:26  Shield Battery  
  33  3:39  Pylon  
  30  3:59  Oracle  
  33  4:09  Stalker  
  34  4:18  Probe (Chrono Boost)  
  34  4:22  Gateway  
  34  4:23  Gateway  
  33  4:34  Pylon  
  33  4:35  Oracle  
  35  4:58  Stalker  
  37  5:17  Pylon  
  37  5:35  Stalker x3  
  43  5:38  Shield Battery  
  43  5:40  Shield Battery  
  42  5:58  Stalker x3  
  48  6:14  Pylon  
  48  6:22  Stalker x2  
  46  6:34  Stalker, Shield Battery  
  42  6:47  Stalker  
  42  6:50  Stalker  
Tags
 
Add a new tag
Caveats
  • Supply blocks, unpowered buildings, or Contaminate may cause inaccurate times.
  • Supply counts are checked every 10 seconds.